 Dungeon Crawl Stone Soup version 0.17-a0-1850-g688e747 (webtiles) character file.

198 derrpe the Insei (level 6, 0/70 HPs)
             Began as a Human Monk on Sept 19, 2015.
             Was a Follower of Ru.
             Succumbed to poison (a potion of poison)
             ... on level 4 of the Dungeon.
             The game lasted 00:10:43 (3087 turns).

derrpe the Insei (Human Monk)                       Turns: 3087, Time: 00:10:44

Health: 0/70       AC: 23    Str: 13    XL:     6   Next: 5%
Magic:  6/6        EV:  2    Int: 11    God:    Ru [*.....]
Gold:   106        SH:  0    Dex: 20    Spells: 0 memorised, 5 levels left

rFire  + . .     SeeInvis .       - Unarmed
rCold  . . .     Clarity  .     (armour currently unavailable)
rNeg   + + +     SustAt   .     (no shield)
rPois  +         Gourm    .     (helmet currently unavailable)
rElec  .         Spirit   .     (cloak currently unavailable)
rCorr  .         Warding  .     (gloves currently unavailable)
rMut   .         NoTele   +     (boots currently unavailable)
MR     .....                    (no amulet)
Stlth  ++++......               n - ring of protection from fire
                                k - ring of flight

@: agile, lethally poisoned (0 -> -5), tree-form, not resistant to hostile
enchantments, stealthy
A: inability to train dodging
a: Renounce Religion


You were on level 4 of the Dungeon.
You worshipped Ru.
Ru was aware of your devotion.
You were not hungry.
You were a tree.
You visited 1 branch of the dungeon, and saw 4 of its levels.

You collected 106 gold pieces.

Inventory:

Hand weapons
 a - a +0 hunting sling
Missiles
 e - 92 stones (quivered)
Armour
 h - a +0 pair of gloves (melded)
 j - a +0 ring mail (melded)
 p - a +0 cloak (melded)
 r - a +1 helmet of see invisible (melded)
Jewellery
 k - a ring of flight (left branch)
 n - a ring of protection from fire (right branch)
Scrolls
 f - a scroll of teleportation {unknown}
 g - a scroll of identify
 i - a scroll of blinking {unknown}
 m - 3 scrolls of remove curse
Potions
 q - a potion of poison
 s - a potion of curing {unknown}
 t - a potion of haste {unknown}
Comestibles
 b - 2 bread rations {@e1}
 o - 2 chunks of flesh {@w0}


   Skills:
 + Level 3.6 Fighting
 - Level 2.0 Stealth
 * Level 6.5 Unarmed Combat


You had 5 spell levels left.
You didn't know any spells.

Dungeon Overview and Level Annotations

Branches:
Dungeon (4/15)
 Temple: D:4-7

Altars:
Ashenzari
Nemelex Xobeh
Ru

Annotations:
D:3 derrpe's ghost, average DgEE


Innate Abilities, Weirdness & Mutations

You cannot train Dodging skill.


Message History

The orc wizard hits you with a dagger of freezing.
The orc wizard freezes you. The orc misses you. The orc completely misses you.
You punch the orc wizard!
The orc wizard is heavily wounded.
The orc wizard casts a spell.
The orc wizard blinks!
The orc hits you but does no damage.
You feel sick. The orc hits you with a mace.
* * * LOW HITPOINT WARNING * * *
The orc wizard casts a spell at you. The magic dart hits you!
* * * LOW HITPOINT WARNING * * *
Unknown command.
Drink which item? (? for menu, Esc to quit)
It was a potion of lignification.
You turn into a tree.
Your +0 cloak melds into your body.
Your +1 helmet of see invisible melds into your body.
Your +0 pair of gloves melds into your body.
Your +0 ring mail melds into your body.
You feel less perceptive.
Your roots penetrate the ground.
You die...

#####.###..#P. >.####
#######......#PP._#.#
...
#............#....#.#
.###
#.###.####....P⌠._.)# #
#.# #[##.....#....#..
#.# #.#.....##..._###
#.# ##...#.####..#
#.#####...###.P########
#.............♣o)o.....
#######.......o#.#####.
#.##.###.#(# #.##.#
#.#$# #.##.# #.#(#
#....# #.... ###..#
#.#(. #..# #.#.# #..#
#.#


You could see an orc wizard and 2 orcs.

Vanquished Creatures
  A worker ant (D:4)
  An orc priest (D:3)
  An orc wizard (D:4)
  An adder (D:2)
  2 oozes (D:2)
  2 worms
  3 giant geckos
  11 orcs
  2 ball pythons
  9 bats
  3 giant cockroaches
  8 goblins
  4 hobgoblins
  7 jackals (D:3)
  2 quokkas
  3 giant newts
  7 kobolds
  9 rats
76 creatures vanquished.

Notes
Turn   | Place    | Note
--------------------------------------------------------------
     0 | D:1      | derrpe the Human Monk began the quest for the Orb.
     0 | D:1      | Reached XP level 1. HP: 18/18 MP: 1/1
   298 | D:1      | Reached XP level 2. HP: 24/24 MP: 2/2
   946 | D:2      | Found a faded altar to an unknown god.
   968 | D:2      | Reached XP level 3. HP: 29/29 MP: 3/3
  1147 | D:2      | Became a worshipper of Ru the Awakened
  1169 | D:2      | Reached skill level 5 in Unarmed Combat
  1563 | D:2      | Gained mutation: You cannot train Dodging skill. [Ru sacrifice]
  1563 | D:2      | Acquired Ru's first power
  1654 | D:2      | Reached XP level 4. HP: 35/35 MP: 4/4
  1971 | D:3      | Noticed derrpe's ghost (average DgEE)
  2398 | D:3      | Reached XP level 5. HP: 41/41 MP: 5/5
  2774 | D:3      | Reached skill level 6 in Unarmed Combat
  2939 | D:4      | Found a shattered altar of Ashenzari.
  2940 | D:4      | Found a sparkling altar of Nemelex Xobeh.
  2940 | D:4      | Found a sacrificial altar of Ru.
  3084 | D:4      | Reached XP level 6. HP: 21/47 MP: 6/6
  3086 | D:4      | HP: 1/47 [orc wizard/magic dart (10)]
  3087 | D:4      | Succumbed to poison (a potion of poison)

Vault maps used:
D:1:      minmay_arrival_glassed_features, minmay_misc_feat_columns
D:2:      first_bread, ecumenical_altar_1
D:4:      gammafunk_temple_overflow_forgotten, minmay_temple_entry_glassed_door

Action                   |  1- 3 |  4- 6 || total
-------------------------+-------+-------++-------
Melee: Dagger            |    46 |       ||    46
       Unarmed           |   107 |    64 ||   171
 Fire: Hunting sling     |       |   103 ||   103
Throw: Stone             |    25 |       ||    25
Invok: Sacrifice Nimblen |     1 |       ||     1
  Use: Potion            |       |     4 ||     4
       Scroll            |       |     2 ||     2
 Stab: Sleeping          |     3 |       ||     3
  Eat: Chunk             |     2 |     5 ||     7
